[Event "Titled Tuesday Blitz June 6 Late 2023"]
[White "Moral Garcia, Serafin"]
[Black "Wagner, Dennis"]
[WhiteFideId "2201925"]
[BlackFideId "24650684"]
[WhiteElo "2274"]
[BlackElo "2478"]
[Result "0-1"]
[Round "10"]
[TimeControl "180+2"]
[Date "2023.06.07"]
[WhiteClock "0:00:15"]
[BlackClock "0:00:08"]
[Board "32"]

1. e4 e5 2. Nf3 Nc6 3. Bb5 Nf6 4. O-O Nxe4 5. Re1 Nd6 6. Nxe5 Be7 7. Nxc6 dxc6 8. Bf1 O-O 9. d4 Bf5 10. c3 Re8 11. Bf4 Bg5 12. Rxe8+ Nxe8 13. Bxg5 Qxg5 14. Nd2 Nd6 15. Nf3 Qh6 16. Qc1 Qxc1 17. Rxc1 f6 18. Re1 Kf7 19. Be2 g5 20. Kf1 a5 21. Nd2 Bg6 22. Nc4 a4 23. a3 h5 24. Rd1 h4 25. Nxd6+ cxd6 26. Bd3 Bxd3+ 27. Rxd3 Ra6 28. Ke2 Rb6 29. Rd2 Ke6 30. Kd3 Kf5 31. Re2 d5 32. f3 Rb5 33. Kc2 Kf4 34. Re6 f5 35. Rf6 Ra5 36. Kd3 Ra8 37. Rf7 Re8 38. g3+ hxg3 39. hxg3+ Kxf3 40. Rxf5+ Kg4 41. Rf7 Kxg3 42. Rxb7 g4 43. Rg7 Kf3 44. Rg6 g3 45. Rxc6 g2 46. Rg6 Re1 47. c4 g1=Q 48. Rxg1 Rxg1 49. cxd5 Rc1 50. d6 Rc6 51. d7 Rd6 52. Kc4 Rxd7 53. b4 Ke4 54. b5 Rc7+ 55. Kb4 Kxd4 56. Kxa4 Kc5 0-1


[Site "https://www.chess.com"]

[Event "Titled Tuesday Blitz June 6 Late 2023"]
[White "Liu, Casper"]
[Black "Eugene, Floryan"]
[WhiteFideId "1454153"]
[BlackFideId "20694784"]
[WhiteElo "2221"]
[BlackElo "2369"]
[Result "1-0"]
[Round "10"]
[TimeControl "180+2"]
[Date "2023.06.07"]
[WhiteClock "0:01:48"]
[BlackClock "0:00:55"]
[Board "33"]

1. e4 c5 2. Nf3 Nc6 3. c3 d5 4. exd5 Qxd5 5. d4 Bg4 6. Be2 e6 7. h3 Bh5 8. Be3 cxd4 9. cxd4 Nf6 10. Nc3 Qa5 11. O-O Be7 12. a3 O-O 13. Qb3 Qc7 14. Nb5 Qb8 15. Rfe1 a6 16. Nc3 Rd8 17. Rad1 b5 18. d5 Na5 19. Qa2 exd5 20. Nxd5 Nxd5 21. Rxd5 Bg6 22. Ne5 Qb7 23. Bf3 Qc7 24. Rc1 Nc4 25. Nxg6 hxg6 26. Rxd8+ Qxd8 27. Bxa8 Qxa8 28. b3 Nxa3 29. Bc5 Bxc5 30. Rxc5 b4 31. Qd2 Qe4 32. f3 Qb1+ 33. Kh2 Qxb3 34. Qd8+ Kh7 35. Qh4+ Kg8 36. Rc8# 1-0


[Site "https://www.chess.com"]

[Event "Titled Tuesday Blitz June 6 Late 2023"]
[White "Papp, Levente"]
[Black "Mei, Austin"]
[WhiteFideId "751243"]
[BlackFideId "30948479"]
[WhiteElo "2380"]
[BlackElo "2125"]
[Result "1-0"]
[Round "10"]
[TimeControl "180+2"]
[Date "2023.06.07"]
[WhiteClock "0:02:07"]
[BlackClock "0:01:35"]
[Board "34"]

1. Nf3 Nf6 2. g3 g6 3. Bg2 Bg7 4. b3 O-O 5. Bb2 c5 6. c4 Nc6 7. O-O d5 8. cxd5 Nxd5 9. Bxg7 Kxg7 10. d4 cxd4 11. Nxd4 Nxd4 12. Qxd4+ Nf6 13. Qe5 Qb6 14. Nc3 Be6 15. Na4 Qb4 16. Nc5 Bf5 17. Qxe7 Qb6 18. Na4 Qa5 19. Qxb7 Rab8 20. Qf3 Bg4 21. Qc3 Qg5 22. e4 Rfc8 23. Qb2 Kg8 24. h4 1-0


[Site "https://www.chess.com"]

[Event "Titled Tuesday Blitz June 6 Late 2023"]
[White "Mayeregger, Arnold"]
[Black "Manukyan, Sargis A."]
[WhiteFideId "3705226"]
[BlackFideId "13303970"]
[WhiteElo "2038"]
[BlackElo "2187"]
[Result "0-1"]
[Round "10"]
[TimeControl "180+2"]
[Date "2023.06.07"]
[WhiteClock "0:00:52"]
[BlackClock "0:02:19"]
[Board "35"]

1. e4 c5 2. Nf3 d6 3. d4 cxd4 4. Nxd4 Nf6 5. Nc3 g6 6. g3 Bg7 7. Bg2 O-O 8. Nde2 Nc6 9. O-O Rb8 10. Bg5 b5 11. Nd5 Nxd5 12. exd5 Ne5 13. b3 h6 14. Bd2 b4 15. Nd4 Ba6 16. Re1 Qc7 17. h3 Rfc8 18. f4 Nd3 19. Nc6 Nxe1 20. Qxe1 Bxa1 21. Qxa1 Qb6+ 22. Kh2 Rxc6 23. dxc6 Bb5 24. f5 Bxc6 25. Bxh6 f6 26. Qe1 e5 27. fxg6 Bxg2 28. Kxg2 Qc6+ 29. Kg1 Qxc2 30. h4 Qxg6 31. Qe3 Rc8 0-1


[Site "https://www.chess.com"]

[Event "Titled Tuesday Blitz June 6 Late 2023"]
[White "Domingo Nunez, Ruben"]
[Black "Van Dael, Siem"]
[WhiteFideId "22245570"]
[BlackFideId "1049771"]
[WhiteElo "2404"]
[BlackElo "2336"]
[Result "1-0"]
[Round "10"]
[TimeControl "180+2"]
[Date "2023.06.07"]
[WhiteClock "0:00:32"]
[BlackClock "0:00:25"]
[Board "36"]

1. g4 d5 2. Bg2 Bxg4 3. c4 c6 4. Qb3 Qb6 5. cxd5 cxd5 6. Bxd5 Qxb3 7. axb3 Nc6 8. Nc3 Nf6 9. Bxc6+ bxc6 10. Ra6 Kd7 11. h3 Be6 12. Nf3 Bxb3 13. Ne5+ Ke8 14. Nxc6 e6 15. d3 Bd5 16. Nxd5 Nxd5 17. Bd2 Bc5 18. Rg1 g6 19. Rg4 Nc7 20. Ra1 Bb6 21. Rc4 f6 22. Nxa7 Bxa7 23. Rxc7 Bxf2+ 24. Kxf2 Rxa1 25. Rc8+ Kf7 26. Rxh8 Kg7 27. Rb8 g5 28. b4 h5 29. b5 Ra2 30. Be3 Kg6 31. b6 Rb2 32. Rc8 g4 33. hxg4 hxg4 34. Rc7 f5 35. b7 e5 36. Rc6+ Kg7 37. Rb6 g3+ 38. Kxg3 f4+ 39. Kf3 1-0


[Site "https://www.chess.com"]

[Event "Titled Tuesday Blitz June 6 Late 2023"]
[White "Barria Santos, Jose Guilherme"]
[Black "Domingo Nunez, Alejandro"]
[WhiteFideId "1939300"]
[BlackFideId "22245561"]
[WhiteElo "2266"]
[BlackElo "2291"]
[Result "0-1"]
[Round "10"]
[TimeControl "180+2"]
[Date "2023.06.07"]
[WhiteClock "0:00:29"]
[BlackClock "0:00:08"]
[Board "37"]

1. d4 g6 2. e4 Bg7 3. Be3 c6 4. c4 d5 5. cxd5 cxd5 6. e5 Nc6 7. Nc3 Nh6 8. Nf3 Bg4 9. Qb3 Bxf3 10. gxf3 Nf5 11. Qxb7 Ncxd4 12. Bb5+ Kf8 13. Rd1 Rb8 14. Qa6 Bxe5 15. f4 Bf6 16. O-O e6 17. a4 Kg7 18. Qxa7 Nf3+ 19. Kg2 N5h4+ 20. Kh1 Qc8 21. Qd7 Qxd7 22. Bxd7 d4 23. Bb5 dxe3 24. fxe3 Rhc8 25. Be2 Rxb2 26. Bxf3 Nxf3 27. Rxf3 Rxc3 28. Ra1 Rcc2 29. Rh3 Rb3 30. Rd1 Ra3 31. Rg3 Re2 32. e4 Rxg3 33. hxg3 Rxe4 34. a5 Ra4 35. Kg2 Rxa5 36. Kf3 Ra3+ 37. Kg2 h5 38. Rg1 h4 39. g4 Rg3+ 40. Kh2 Rxg1 41. Kxg1 g5 0-1


[Site "https://www.chess.com"]

[Event "Titled Tuesday Blitz June 6 Late 2023"]
[White "Vlassov, Nikolai"]
[Black "Santos Flores, Alberto"]
[WhiteFideId "4103360"]
[BlackFideId "3601234"]
[WhiteElo "2324"]
[BlackElo "2235"]
[Result "1-0"]
[Round "10"]
[TimeControl "180+2"]
[Date "2023.06.07"]
[WhiteClock "0:00:40"]
[BlackClock "0:01:02"]
[Board "38"]

1. e4 c5 2. c3 g6 3. d4 cxd4 4. cxd4 d5 5. e5 Nc6 6. Nc3 Bg7 7. Bf4 Bf5 8. g4 Be6 9. h3 f6 10. Nf3 fxe5 11. dxe5 Qd7 12. Bb5 Nh6 13. Qd2 Nf7 14. O-O-O O-O 15. Nxd5 Bxd5 16. Qxd5 Qxd5 17. Rxd5 e6 18. Rd7 Bxe5 19. Nxe5 Nfxe5 20. Bxe5 Nxe5 21. Rxb7 Rxf2 22. Re1 Rc8+ 23. Kb1 Nc4 24. Bxc4 Rxc4 25. a3 Rc6 26. Rxa7 Rb6 27. b4 Rd6 28. Rc1 Rd3 29. Rc8+ Rf8 30. Rxf8+ Kxf8 31. Kc2 Rxh3 32. b5 Rh2+ 33. Kc3 Rh1 34. b6 1-0


[Site "https://www.chess.com"]

[Event "Titled Tuesday Blitz June 6 Late 2023"]
[White "reevecanada"]
[Black "Chabris, Christopher"]
[BlackFideId "2005263"]
[WhiteElo "2605"]
[BlackElo "2425"]
[Result "1-0"]
[Round "10"]
[TimeControl "180+2"]
[Date "2023.06.07"]
[WhiteClock "0:01:41"]
[BlackClock "0:00:02"]
[Board "39"]

1. e4 e5 2. Nf3 Nc6 3. d4 exd4 4. Nxd4 Qf6 5. Nb3 Bb4+ 6. c3 Be7 7. Be2 a5 8. O-O a4 9. Nd4 Qg6 10. Bh5 Qxe4 11. Re1 Qd5 12. Bf3 Qc5 13. Qe2 d6 14. Na3 Ne5 15. Be4 Nf6 16. f4 Bg4 17. Qb5+ Ned7 18. Bxb7 Rb8 19. Qc6 Qb6 20. Qxb6 Nxb6 21. Bc6+ Bd7 22. Nab5 Kd8 23. b3 Re8 24. Bb2 Bf8 25. c4 Rxe1+ 26. Rxe1 axb3 27. axb3 Nc8 28. h3 Ne7 29. Bxd7 Kxd7 30. g4 c6 31. Nc3 Ra8 32. Kf2 Rb8 33. Kg3 d5 34. c5 Nc8 35. Na4 Na7 36. Nb6+ Kc7 37. b4 Nb5 38. Nb3 Na7 39. Be5+ Kb7 40. Bxb8 Kxb8 41. g5 1-0


[Site "https://www.chess.com"]

[Event "Titled Tuesday Blitz June 6 Late 2023"]
[White "Licznerski, Lukasz"]
[Black "Przybylski, Wojciech"]
[WhiteFideId "1179250"]
[BlackFideId "1117599"]
[WhiteElo "2453"]
[BlackElo "2228"]
[Result "0-1"]
[Round "10"]
[TimeControl "180+2"]
[Date "2023.06.07"]
[WhiteClock "0:00:02"]
[BlackClock "0:00:04"]
[Board "40"]

1. e4 e5 2. Nf3 Nf6 3. d4 Nxe4 4. Bd3 d5 5. Nxe5 Nd7 6. Nc3 Nxc3 7. bxc3 Nxe5 8. dxe5 Bc5 9. O-O O-O 10. Qh5 g6 11. Qh6 Re8 12. Bg5 Bf8 13. Qh4 Qd7 14. f4 Qg4 15. Qf2 b6 16. Kh1 Bc5 17. Qe1 Qe6 18. Bf6 Qg4 19. h3 Qh5 20. Kh2 c6 21. Bg5 Bg4 22. Qg3 Be2 23. Rae1 Bxd3 24. cxd3 Be7 25. Bxe7 Rxe7 26. f5 Rae8 27. d4 Qh6 28. Rf4 c5 29. Rh4 Qd2 30. Rf1 cxd4 31. cxd4 Rc7 32. e6 Rce7 33. Rf2 Qc1 34. exf7+ Rxf7 35. fxg6 Rg7 36. gxh7+ Kh8 37. Qf3 Qc7+ 38. Qf4 Qd8 39. Rh5 Qb8 40. Qxb8 Rxb8 41. Rxd5 Kxh7 42. Rdf5 Rd8 43. d5 a5 44. Rh5+ Kg8 45. Rhf5 b5 46. R5f3 b4 47. h4 Rxd5 48. Rg3 Rd4 49. Rxg7+ Kxg7 50. Kh3 a4 51. Rf5 a3 52. Rb5 Kg6 53. g3 Rc4 54. Rb6+ Kf5 55. Rb5+ Ke4 56. h5 Kd3 57. h6 Kc3 58. Rh5 Rc8 59. h7 b3 60. h8=Q+ Rxh8 61. Rxh8 bxa2 62. Rc8+ Kb2 63. Rb8+ Kc2 64. Rc8+ Kd2 65. Rd8+ Ke2 66. Re8+ Kf2 67. Rf8+ Kg1 68. g4 a1=Q 69. Kh4 Qg7 70. Rf5 Qh7+ 71. Rh5 Qe7+ 72. g5 Qe4+ 73. Kg3 Qe5+ 74. Kg4 Qe2+ 75. Kh4 Kg2 76. g6 Qe4+ 77. Kg5 Qe3+ 78. Kf5 Qc5+ 79. Kg4 Qd4+ 80. Kg5 Qe5+ 81. Kh6 Qh8+ 82. Kg5 Qd8+ 83. Kh6 Qh8+ 84. Kg5 Qg7 85. Rh7 Qg8 86. Kh6 a2 87. Ra7 a1=Q 0-1


[Site "https://www.chess.com"]

[Event "Titled Tuesday Blitz June 6 Late 2023"]
[White "Melian, Juan Sebastian"]
[Black "Skvortsov, Andrei"]
[WhiteFideId "3706575"]
[BlackFideId "24108600"]
[WhiteElo "2092"]
[BlackElo "2259"]
[Result "0-1"]
[Round "10"]
[TimeControl "180+2"]
[Date "2023.06.07"]
[WhiteClock "0:00:03"]
[BlackClock "0:00:12"]
[Board "41"]

1. e4 e6 2. d4 d5 3. exd5 exd5 4. Nf3 Nc6 5. c4 Bb4+ 6. Nc3 Nf6 7. Be2 dxc4 8. O-O O-O 9. Bxc4 Bg4 10. Be3 Qd7 11. h3 Bh5 12. Be2 Rad8 13. Qb3 Bd6 14. Rad1 Qc8 15. Nb5 a6 16. Nc3 Bg6 17. d5 Ne5 18. Nd4 Rfe8 19. Rfe1 Ned7 20. Bf3 Nc5 21. Qc4 b5 22. Qf1 Nfe4 23. Nc6 Nxc3 24. bxc3 Rd7 25. c4 bxc4 26. Qxc4 Ne4 27. Bc1 f5 28. Bb2 Rf8 29. Re2 Ng5 30. Re3 Nxf3+ 31. Rxf3 Bh5 32. Rdd3 Bxf3 33. Rxf3 Rdf7 34. Rb3 Qe8 35. Bc3 Qe4 36. Nd4 Qf4 37. g3 Qc1+ 38. Qf1 Qh6 39. Ne6 Re8 40. Bd4 a5 41. Qb5 Rfe7 42. Qf1 a4 43. Re3 Qh5 44. Qg2 h6 45. Kh2 Qd1 46. Bc3 Qb1 47. Qf3 Rf7 48. Nxg7 Rxe3 49. Qxe3 Qe4 50. Qxe4 fxe4 51. Ne6 Rxf2+ 52. Kg1 Bxg3 53. Nxc7 Rc2 54. Nb5 e3 55. d6 Bxd6 56. Nxd6 Rxc3 57. Kf1 Rc2 58. Nf5 Rf2+ 0-1


[Site "https://www.chess.com"]

[Event "Titled Tuesday Blitz June 6 Late 2023"]
[White "Streltsov, Alexey"]
[Black "Kleiman, Jake"]
[WhiteFideId "24104434"]
[BlackFideId "2020041"]
[WhiteElo "2567"]
[BlackElo "2680"]
[Result "0-1"]
[Round "10"]
[TimeControl "180+2"]
[Date "2023.06.07"]
[WhiteClock "0:00:43"]
[BlackClock "0:00:07"]
[Board "42"]

1. d4 Nf6 2. Nc3 d5 3. Bf4 e6 4. Nb5 Bd6 5. Nxd6+ cxd6 6. e3 O-O 7. Nf3 Nc6 8. Be2 Re8 9. O-O h6 10. c3 e5 11. Bg3 Ne4 12. Qb3 Nxg3 13. hxg3 e4 14. Nd2 Qg5 15. c4 Nxd4 16. Qd1 Nxe2+ 17. Qxe2 Bg4 18. Qe1 Rac8 19. cxd5 Qxd5 20. Nb3 Rc2 21. Qb1 Rec8 22. Nd4 Rd2 23. Rc1 Rxc1+ 24. Qxc1 Rd1+ 25. Qxd1 Bxd1 26. Rxd1 Qxa2 27. b3 g6 28. g4 Kg7 29. g3 a6 30. Kg2 b5 31. Rc1 a5 32. Nxb5 Qxb3 33. Nxd6 Qb4 34. Rc6 a4 35. Ne8+ Kf8 36. Nf6 Qb7 37. Rb6 Qa8 38. Nd7+ Ke7 39. Nc5 a3 40. Nb3 a2 41. Rb4 a1=Q 42. Nxa1 Qxa1 43. Rxe4+ Kf6 44. Rf4+ Kg7 45. Rd4 Qe1 46. Rf4 Qe2 47. Rd4 Qb5 48. Rf4 Qd5+ 49. Kg1 Qd2 50. Rd4 Qe2 51. Kg2 g5 52. Rb4 Qd3 53. Rd4 Qb5 54. Kg1 Qe5 55. Kg2 Qe6 56. Kg1 Kg6 57. Kg2 f5 58. gxf5+ Qxf5 59. g4 Qe6 60. Kg3 Qe5+ 61. Kg2 Qc5 62. Kg3 Qc1 63. Kg2 Qe1 64. Re4 Qe2 65. Rd4 h5 66. Rd6+ Kg7 67. gxh5 Qg4+ 68. Kf1 Qh3+ 69. Kg1 Qxh5 70. Rd4 Qf3 71. Rb4 Kg6 72. Rb6+ Kh5 73. Rb5 Kh4 74. Rb8 Qg4+ 75. Kh2 Qh3+ 76. Kg1 Kg4 77. Rb4+ Kf3 78. e4 Qg2# 0-1


[Site "https://www.chess.com"]

[Event "Titled Tuesday Blitz June 6 Late 2023"]
[White "Alex_Sahakyan2006"]
[Black "Golubev, Mikhail"]
[BlackFideId "14100983"]
[WhiteElo "2675"]
[BlackElo "2374"]
[Result "1-0"]
[Round "10"]
[TimeControl "180+2"]
[Date "2023.06.07"]
[WhiteClock "0:00:03"]
[BlackClock "0:00:01"]
[Board "43"]

1. d4 g6 2. c4 Bg7 3. Nc3 d6 4. e4 Nf6 5. h3 Nbd7 6. Be3 e5 7. d5 Nc5 8. f3 Nh5 9. g4 Nf4 10. Qd2 a5 11. O-O-O h5 12. Nge2 hxg4 13. Nxf4 exf4 14. Bxf4 gxh3 15. Re1 Qe7 16. Kb1 Bd7 17. Bg5 Bf6 18. Bxf6 Qxf6 19. e5 dxe5 20. Qe3 b6 21. f4 Bf5+ 22. Ka1 e4 23. Bxh3 O-O-O 24. Bg2 Rxh1 25. Rxh1 Re8 26. Rh7 Nd3 27. a3 Nc5 28. Ka2 a4 29. Bf1 Rh8 30. Rxh8+ Qxh8 31. Nb5 Qf6 32. Na7+ Kb7 33. Nc6 Qh8 34. Bg2 Nd3 35. Qd4 Qxd4 36. Nxd4 Nxf4 37. Bf1 e3 38. b4 Bd3 39. Bxd3 Nxd3 40. Kb1 g5 41. Kc2 Nf2 42. Kc3 g4 43. Nf5 Ne4+ 44. Kd3 e2 45. Kxe2 Nc3+ 46. Kd3 Nb1 47. Kc2 1-0


[Site "https://www.chess.com"]

[Event "Titled Tuesday Blitz June 6 Late 2023"]
[White "Ozates, Tuna"]
[Black "Shuvalova, Polina"]
[WhiteFideId "6354521"]
[BlackFideId "24171760"]
[WhiteElo "2151"]
[BlackElo "2281"]
[Result "1-0"]
[Round "10"]
[TimeControl "180+2"]
[Date "2023.06.07"]
[WhiteClock "0:00:07"]
[BlackClock "0:00:10"]
[Board "44"]

1. e4 c6 2. Nf3 d5 3. d3 Bg4 4. h3 Bxf3 5. Qxf3 e6 6. g3 Nd7 7. Bg2 Bc5 8. O-O Ne7 9. c3 O-O 10. d4 Bb6 11. Nd2 f5 12. exd5 exd5 13. Re1 Nf6 14. Qd3 Ne4 15. Nf3 Ng6 16. h4 h6 17. h5 Nh8 18. Ne5 Nf7 19. Ng6 Re8 20. Bf4 Bc7 21. f3 Bxf4 22. gxf4 Ned6 23. Kf2 Qf6 24. Re5 Nh8 25. Bh3 Nxg6 26. hxg6 Qh4+ 27. Kg2 Qxf4 28. Rae1 Qg5+ 29. Kh2 Qxg6 30. Rg1 Qf6 31. Qe3 Qf7 32. Qxh6 Rad8 33. Rg5 Re7 34. Bxf5 Rxe5 35. Qh7+ Kf8 36. dxe5 Nc4 37. e6 Qg8 38. e7+ Kf7 39. exd8=Q Qxd8 40. Qxg7+ Ke8 41. Bg6# 1-0


[Site "https://www.chess.com"]

[Event "Titled Tuesday Blitz June 6 Late 2023"]
[White "laziestwin"]
[Black "Sargsyan, Anna M."]
[BlackFideId "13308130"]
[WhiteElo "2654"]
[BlackElo "2284"]
[Result "0-1"]
[Round "10"]
[TimeControl "180+2"]
[Date "2023.06.07"]
[WhiteClock "0:00:14"]
[BlackClock "0:01:13"]
[Board "45"]

1. d4 d5 2. c4 c6 3. Nc3 Nf6 4. cxd5 cxd5 5. f3 Bf5 6. g4 Bg6 7. h4 h6 8. g5 hxg5 9. Bxg5 e6 10. e4 dxe4 11. fxe4 Qb6 12. Bb5+ Nbd7 13. Bxf6 gxf6 14. Bxd7+ Kxd7 15. Nge2 Bd6 16. Qa4+ Ke7 17. O-O-O Rac8 18. Kb1 Qc6 19. Qc2 b5 20. a3 a5 21. h5 Rxh5 22. d5 Qb6 23. Rxh5 Bxh5 24. dxe6 fxe6 25. Nd5+ exd5 26. Qxc8 Bxe2 27. Rh1 Bd3+ 28. Ka1 Bxe4 29. Re1 Qc7 30. Qa8 Be5 31. Rg1 Bxb2+ 32. Ka2 Qc4+ 33. Kxb2 Qd4+ 34. Kb3 Qe3+ 35. Kb2 Qf2+ 36. Kb3 Qc2# 0-1


[Site "https://www.chess.com"]

[Event "Titled Tuesday Blitz June 6 Late 2023"]
[White "Zhurbinsky, David"]
[Black "Mieles Palau, Daniel"]
[WhiteFideId "2072904"]
[BlackFideId "3600467"]
[WhiteElo "2652"]
[BlackElo "2344"]
[Result "0-1"]
[Round "10"]
[TimeControl "180+2"]
[Date "2023.06.07"]
[WhiteClock "0:00:02"]
[BlackClock "0:00:02"]
[Board "46"]

1. e4 c5 2. Nf3 Nc6 3. c3 Nf6 4. e5 Nd5 5. d4 cxd4 6. cxd4 d6 7. Bc4 Nb6 8. Bb5 dxe5 9. Nxe5 Bd7 10. Nxd7 Qxd7 11. O-O e6 12. Nc3 a6 13. Bxc6 Qxc6 14. Qg4 Rd8 15. Bg5 Rd7 16. Rac1 Bb4 17. d5 Qc4 18. Qf3 O-O 19. Bf6 gxf6 20. Ne4 Qd4 21. Nxf6+ Kh8 22. Nxd7 Nxd7 23. Rfd1 Qg7 24. Rc7 Ne5 25. Qb3 Bd6 26. Rxb7 Ng4 27. h3 Nh6 28. dxe6 Be5 29. e7 Rg8 30. Qf3 Nf5 31. Rd5 Nh4 32. Qg4 Bf6 33. Qxg7+ Kxg7 34. Rh5 Ng6 35. Rd5 Re8 36. Rdd7 Bxe7 37. Ra7 a5 38. Rxa5 Rb8 39. Raa7 Kf6 40. b3 Rb6 41. g3 Rc6 42. Kg2 Rc2 43. Ra6+ Kg7 44. h4 Bc5 45. h5 Ne5 46. Rd5 Rxf2+ 47. Kh3 Nf3 48. Rxc5 h6 49. Kg4 Nh2+ 50. Kh3 Nf1 0-1


[Site "https://www.chess.com"]

[Event "Titled Tuesday Blitz June 6 Late 2023"]
[White "Annaberdiyev, Meylis"]
[Black "Bilan, Danila"]
[WhiteFideId "14000563"]
[BlackFideId "24161918"]
[WhiteElo "2416"]
[BlackElo "2146"]
[Result "1-0"]
[Round "10"]
[TimeControl "180+2"]
[Date "2023.06.07"]
[WhiteClock "0:00:26"]
[BlackClock "0:00:13"]
[Board "47"]

1. e4 c6 2. d4 d5 3. e5 c5 4. dxc5 e6 5. Bd3 Bxc5 6. Qg4 Bf8 7. Nf3 Ne7 8. O-O Nbc6 9. Re1 Ng6 10. h4 Bd7 11. Nc3 a6 12. h5 Nge7 13. Ne2 Qc7 14. Nf4 g6 15. Nh3 Nf5 16. Bg5 Be7 17. Bxe7 Ncxe7 18. Rac1 b5 19. Qg5 Rg8 20. h6 Qd8 21. g4 Qb6 22. Kf1 Nd4 23. Qe3 Nec6 24. c3 Qd8 25. cxd4 Rc8 26. Nhg5 Rh8 27. Qf4 Qe7 28. Rc5 Na7 29. Rec1 Rxc5 30. Rxc5 Nc6 31. Qf6 Qxf6 32. exf6 Nb4 33. Ne5 Kd8 34. Ngxf7+ Ke8 35. Nxh8 1-0


[Site "https://www.chess.com"]

[Event "Titled Tuesday Blitz June 6 Late 2023"]
[White "Vovk, Orest"]
[Black "Ibadov, Dashgyn"]
[WhiteFideId "14113490"]
[BlackFideId "24107514"]
[WhiteElo "2215"]
[BlackElo "2208"]
[Result "1-0"]
[Round "10"]
[TimeControl "180+2"]
[Date "2023.06.07"]
[WhiteClock "0:00:12"]
[BlackClock "0:00:30"]
[Board "48"]

1. d4 Nf6 2. g4 d5 3. g5 Ne4 4. Nc3 Nxc3 5. bxc3 Bf5 6. Bh3 Qd7 7. Qd3 Bxd3 8. Bxd7+ Nxd7 9. cxd3 e6 10. Nf3 Bd6 11. a4 a5 12. Ba3 Bxa3 13. Rxa3 h6 14. Rb3 b6 15. gxh6 Rxh6 16. Rg1 g6 17. c4 Ke7 18. e4 f6 19. cxd5 exd5 20. exd5 Kd6 21. Rc3 Re8+ 22. Kd2 Nb8 23. h4 Re7 24. h5 g5 25. Nh2 Rxh5 26. Ng4 Rf7 27. Re1 Kxd5 28. Re8 Nd7 29. Ne3+ Kd6 30. Nf5+ Kd5 31. Rxc7 g4 32. Ne3+ Kd6 33. Ra7 f5 34. Nc4+ Kc6 35. Re6+ Kd5 36. Rd6# 1-0


[Site "https://www.chess.com"]

[Event "Titled Tuesday Blitz June 6 Late 2023"]
[White "Janaszak, Dawid"]
[Black "Adewumi, Tanitoluwa"]
[WhiteFideId "1119206"]
[BlackFideId "30966396"]
[WhiteElo "2220"]
[BlackElo "2617"]
[Result "0-1"]
[Round "10"]
[TimeControl "180+2"]
[Date "2023.06.07"]
[WhiteClock "0:00:25"]
[BlackClock "0:00:57"]
[Board "49"]

1. e4 c5 2. Nc3 e6 3. f4 Nc6 4. Nf3 Qc7 5. Bb5 a6 6. Bxc6 Qxc6 7. O-O b5 8. d4 cxd4 9. Nxd4 Bc5 10. Kh1 Bxd4 11. Qxd4 Nf6 12. f5 Bb7 13. fxe6 dxe6 14. Rxf6 gxf6 15. Qxf6 Rg8 16. Bg5 Qc5 17. h4 h6 18. Rd1 hxg5 19. Nd5 Bxd5 20. exd5 Rd8 21. Rf1 Qe7 22. Qc3 Rxd5 23. Qc6+ Kf8 24. h5 g4 25. h6 Rh5+ 26. Kg1 Qc5+ 0-1


[Site "https://www.chess.com"]

[Event "Titled Tuesday Blitz June 6 Late 2023"]
[White "Jaskolka, Tomasz"]
[Black "Schnaider, Ilan"]
[WhiteFideId "1170791"]
[BlackFideId "169013"]
[WhiteElo "2155"]
[BlackElo "2224"]
[Result "0-1"]
[Round "10"]
[TimeControl "180+2"]
[Date "2023.06.07"]
[WhiteClock "0:01:49"]
[BlackClock "0:02:10"]
[Board "50"]

1. e4 c5 2. Nf3 d6 3. b4 cxb4 4. d4 d5 5. exd5 Qxd5 6. c4 Qd8 7. Bb2 Nf6 8. Bd3 Bg4 9. h3 Bh5 10. Nbd2 e6 11. O-O Be7 12. Qa4+ Nbd7 13. d5 O-O 14. dxe6 Nc5 15. exf7+ Bxf7 16. Qxb4 Nxd3 17. Qxb7 Rb8 18. Qe4 Nxe4 0-1


[Site "https://www.chess.com"]

[Event "Titled Tuesday Blitz June 6 Late 2023"]
[White "Ladan, Nicholas"]
[Black "Abrahamyan, Tatev"]
[WhiteFideId "30918855"]
[BlackFideId "13301918"]
[WhiteElo "2167"]
[BlackElo "2342"]
[Result "0-1"]
[Round "10"]
[TimeControl "180+2"]
[Date "2023.06.07"]
[WhiteClock "0:00:01"]
[BlackClock "0:01:32"]
[Board "51"]

1. d4 Nf6 2. Nf3 e6 3. Bf4 c5 4. e3 cxd4 5. exd4 d6 6. c3 b6 7. Nbd2 Bb7 8. Bd3 Nbd7 9. O-O Be7 10. a4 O-O 11. a5 Qc7 12. a6 Bc6 13. h3 Rfe8 14. Re1 Bf8 15. Bh2 Rac8 16. Nf1 h6 17. Ne3 e5 18. dxe5 dxe5 19. Nf5 Rcd8 20. Bc4 Bxf3 21. Qb3 Nc5 22. Bxf7+ Qxf7 23. Qxf7+ Kxf7 24. gxf3 Nd3 25. Re2 g6 26. Ne3 Nf4 27. Ree1 Nxh3+ 28. Kg2 Nf4+ 29. Bxf4 exf4 30. Nc4 Nd5 31. Ne5+ Kg7 32. Nc6 Rxe1 33. Rxe1 Rd7 34. Re8 Nc7 35. Ne5 Re7 36. Rxe7+ Bxe7 37. Nc6 Bf6 38. Nxa7 Nxa6 39. Nc8 b5 40. Nd6 b4 41. cxb4 Nxb4 42. b3 Be7 43. Nc4 Kf6 44. Kh3 Kf5 45. Nd2 Nd3 46. Ne4 Ne1 47. Nd2 Bb4 48. Nc4 Nxf3 49. Kg2 Nd4 50. Nb6 Nxb3 51. Nd5 Bd6 52. Nc3 Nd4 0-1


[Site "https://www.chess.com"]

[Event "Titled Tuesday Blitz June 6 Late 2023"]
[White "Petesch, Gabriel"]
[Black "Gubajdullin, Alexei"]
[WhiteFideId "2032465"]
[BlackFideId "4141202"]
[WhiteElo "2374"]
[BlackElo "2279"]
[Result "0-1"]
[Round "10"]
[TimeControl "180+2"]
[Date "2023.06.07"]
[WhiteClock "0:00:01"]
[BlackClock "0:01:16"]
[Board "52"]

1. d4 Nf6 2. Bf4 g6 3. Nc3 Bg7 4. Qd2 d6 5. Bh6 O-O 6. Bxg7 Kxg7 7. h4 h5 8. O-O-O Nc6 9. f3 e5 10. e3 exd4 11. exd4 Bf5 12. d5 Nb4 13. g4 hxg4 14. fxg4 Bxg4 15. Qd4 Bxd1 16. Kxd1 c5 17. Qd2 Qa5 18. h5 Nxa2 19. hxg6 Nxc3+ 20. bxc3 Qa1+ 21. Qc1 Qxc1+ 22. Kxc1 fxg6 23. Nh3 Ne4 24. Bd3 Nf2 25. Nxf2 Rxf2 26. Re1 Raf8 27. Re7+ R8f7 28. Re6 R2f6 29. Re8 b6 30. Ba6 g5 31. Be2 Rh6 32. Bg4 Rh4 33. Be6 Rf8 34. Re7+ Kf6 35. Rd7 g4 36. Rxd6 g3 37. c4 Ke5 38. Rd7 g2 39. Rg7 Rh1+ 40. Kb2 g1=Q 0-1


[Site "https://www.chess.com"]

[Event "Titled Tuesday Blitz June 6 Late 2023"]
[White "Filgueira, Hernan"]
[Black "Mendez Fortes, Eduardo Jesus"]
[WhiteFideId "101770"]
[BlackFideId "3502376"]
[WhiteElo "2363"]
[BlackElo "2307"]
[Result "1-0"]
[Round "10"]
[TimeControl "180+2"]
[Date "2023.06.07"]
[WhiteClock "0:01:06"]
[BlackClock "0:00:12"]
[Board "53"]

1. c4 e6 2. Nf3 Nf6 3. g3 d5 4. Bg2 dxc4 5. Qa4+ Bd7 6. Qxc4 Bc6 7. O-O Bd6 8. b3 O-O 9. Bb2 Nbd7 10. d3 Bd5 11. Qc2 e5 12. Nbd2 c5 13. Nc4 Qe7 14. e4 Bc6 15. Nh4 g6 16. Nxd6 Qxd6 17. f4 Nh5 18. f5 b6 19. Rf2 Rad8 20. Rd1 g5 21. Nf3 f6 22. Qe2 Ng7 23. h4 g4 24. Nd2 h5 25. Nc4 Qe7 26. Ne3 Nb8 27. Nxg4 hxg4 28. Qxg4 Qf7 29. Bf3 Kh7 30. h5 Ne8 31. Qh4 Nd6 32. g4 Nb5 33. Rdd2 Rg8 34. Rg2 Kh8 35. Bd1 Nd4 36. b4 Na6 37. Bxd4 Rxd4 38. Bb3 Qg7 39. Bxg8 Kxg8 40. g5 Qf7 41. gxf6+ Kh8 42. Qg5 c4 43. Qh6+ 1-0


[Site "https://www.chess.com"]

[Event "Titled Tuesday Blitz June 6 Late 2023"]
[White "Makaraci, Tunahan"]
[Black "Balla, Tamas-Kristof"]
[WhiteFideId "6356559"]
[BlackFideId "1208497"]
[WhiteElo "2160"]
[BlackElo "2334"]
[Result "1-0"]
[Round "10"]
[TimeControl "180+2"]
[Date "2023.06.07"]
[WhiteClock "0:01:49"]
[BlackClock "0:00:50"]
[Board "54"]

1. e4 c5 2. Nf3 Nc6 3. c3 Nf6 4. e5 Nd5 5. Bc4 e6 6. O-O d6 7. d4 cxd4 8. cxd4 Be7 9. Qe2 O-O 10. Re1 b6 11. a3 Bb7 12. Bxd5 exd5 13. e6 fxe6 14. Qxe6+ Kh8 15. Nc3 Bf6 16. Be3 Na5 17. Nb5 Nc4 18. b3 Nxe3 19. Rxe3 Bg5 20. Nxg5 Qxg5 21. Nxd6 Ba6 22. Nf7+ Rxf7 23. Qxf7 h6 24. Rae1 1-0


[Site "https://www.chess.com"]